 Dungeon Crawl Stone Soup version 0.28-a0-429-g1448048969 (webtiles) character file.

Game seed: 7699084532055701394

46 dolemite99 the Skirmisher (level 3, -3/29 HPs)
             Began as a Demonspawn Fighter on Sept 12, 2021.
             Killed by nerve-wracking pain
             ... invoked by a shadow imp
             ... summoned by Natasha
              (12 damage)
             ... on level 2 of the Dungeon.
             The game lasted 00:01:50 (1854 turns).

dolemite99 the Skirmisher (Demonspawn Fighter)      Turns: 1854, Time: 00:01:50

Health: -3/29      AC:  8    Str: 14 (17) XL:     3   Next: 44%
Magic:  3/3        EV:  8    Int:  8 (9)  God:
Gold:   53         SH:  8    Dex: 10 (12) Spells: 2/2 levels left

rFire   . . .      SeeInvis .   a - +0 long sword
rCold   . . .      Faith    .   c - +0 buckler
rNeg    . . .      Spirit   .   b - +0 scale mail
rPois   .          Reflect  .   j - +0 hat
rElec   .          Harm     .   (no cloak)
rCorr   .          Rampage  .   (no gloves)
Will    .....                   (no boots)
Stlth   ..........              (no amulet)
HPRegen 0.09/turn               (no ring)
MPRegen 0.08/turn               (no ring)

@: slowed, very slow
A: slimy green scales 1, condensation shield
a: no special abilities


You were on level 2 of the Dungeon.
You visited 1 branch of the dungeon, and saw 2 of its levels.

You collected 53 gold pieces.

Inventory:

Hand Weapons
 a - a +0 long sword (weapon)
Missiles
 d - 22 bolts
 f - 12 javelins (quivered)
 g - 59 stones
Armour
 b - a +0 scale mail (worn)
 c - a +0 buckler (worn)
 j - a +0 hat (worn)
Jewellery
 l - a ring of protection from fire
Scrolls
 e - a scroll of immolation {unknown}
 h - 4 scrolls of identify {unknown}
 i - a scroll of noise {unknown}


   Skills:
 - Level 3.0 Fighting
 + Level 3.0 Long Blades
 - Level 1.5 Throwing
 - Level 2.6 Armour
 - Level 2.6 Shields


You had 2 spell levels left.
You didn't know any spells.
Your spell library contained the following spells:

 Spells                   Type           Power      Damage    Failure   Level
 Gell's Gravitas          Tloc           0%         N/A       100%        3
 Lesser Beckoning         Tloc           0%         N/A       100%        3
 Teleport Other           Tloc           0%         N/A       100%        3


Dungeon Overview and Level Annotations

Branches:
Dungeon (2/15)

Altars:

Annotations:
D:2 Natasha


Innate Abilities, Weirdness & Mutations

You are partially covered in slimy green scales. (AC +2)
A meltable shield of frost defends you. (SH +4)


Message History

The magic dart hits you.
You throw a javelin. The javelin misses Natasha.
Natasha mumbles some strange words.
You closely miss the white imp.
The white imp hits you but does no damage.
The white imp gestures at you.
The puff of frost hits you but does no damage.
The white imp gestures at you. The puff of frost hits you.
Natasha growls.
The white imp gestures at you. The puff of frost hits you!
A frilled lizard comes into view.
Found a scratched diamond ring.
You hit the frilled lizard.
You kill the frilled lizard!
The white imp gestures at you. You block the puff of frost.
You see here a frilled lizard corpse.
l - a ring of protection from fire
There are no items here.
The white imp disappears in a puff of smoke!
Natasha stares at you and mumbles some strange words.
You feel yourself slow down.
Natasha mumbles some strange words.
It was a potion of degeneration.
There was something very wrong with that liquid.
You feel weakened.
You feel dopey.
You feel clumsy.
The iron imp hits you but does no damage.
Natasha casts a spell.
Natasha stares at you and mumbles some strange words.
You resist with significant effort. The shadow imp gestures at you.
Pain shoots through your body! The iron imp hits you.
* * * LOW HITPOINT WARNING * * *
You hit the shadow imp.
The shadow imp is severely wounded.
The shadow imp gestures at you. Pain shoots through your body!
You die...

#(##...## #.#
#.###.#### ####.#
#........# #....#
#†###.##.# #.##.# #.#
#.##.# #.##.#
##.###.##.# #.##.#
####......##.###.....
+....h...............
####@5.#####.###.....
##5.......# #..#.#
##.####### #....# #.#
##.### #.# #.# #.#
#.# #.# #.# #.# #.#
#. #.###


You could see an iron imp (summoned), Natasha and a shadow imp (summoned).

Vanquished Creatures
  A dart slug (D:2)
  3 bats (D:1)
  5 endoplasms (D:1)
  3 giant cockroaches (D:1)
  2 goblins (D:1)
  3 hobgoblins (D:1)
  9 kobolds
  4 quokkas
  4 ball pythons (D:1)
  2 frilled lizards
  2 rats (D:1)
38 creatures vanquished.

Vanquished Creatures (others)
  3 plants (D:2)
3 creatures vanquished.

Grand Total: 41 creatures vanquished

Notes
Turn   | Place    | Note
-------+----------+-------------------------------------------
     0 | D:1      | dolemite99 the Demonspawn Fighter began the quest for the
                  | Orb.
     0 | D:1      | Reached XP level 1. HP: 18/18 MP: 1/1
   175 | D:1      | Gained mutation: A meltable shield of frost defends you.
                  | (SH +4) [demonic ancestry]
   175 | D:1      | Reached XP level 2. HP: 24/24 MP: 2/2
   194 | D:1      | Reached skill level 1 in Throwing
   444 | D:1      | HP: 1/24 [kobold (3)]
  1136 | D:1      | Gained mutation: You are partially covered in slimy green
                  | scales. (AC +2) [demonic ancestry]
  1136 | D:1      | Reached XP level 3. HP: 29/29 MP: 3/3
  1817 | D:2      | Noticed Natasha
  1854 | D:2      | Killed from afar by a shadow imp

Illustrated notes

Levels and vault maps discovered:
D:1:      lemuel_arrival_funnel, layout_basic, nrook_mini_backslash,
          minmay_tromino_v7
D:2:      layout_loops_corners, basic_altar, guppyfry_early_lair_pool,
          uniq_natasha, uniq_sigmund

Skill      XL: |  1  2  3 |
---------------+----------+-----
Long Blades    | 2 3 |  3.0
Throwing       | 1 |  1.5
Fighting       | |  3.0
Armour         | |  2.6
Shields        | |  2.6

Action                   || total
-------------------------++-------
Melee: Long sword        ||    84
Throw: Javelin           ||    27
  Use: Potion            ||     2
Armor: Scale mail        ||    39
Dodge: Dodged            ||    51
Block: Buckler           ||    51

Table legend: (Time is in decaauts)
 A = Elapsed time spent in this place.
 B = Non-inter-level travel time spent in this place.
 C = Inter-level travel time spent in this place.
 D = Time resting spent in this place.
 E = Time spent auto-exploring this place.
 F = Levels seen in this place.
 G = Mean time per level.
                   A        B        C        D        E       F      G
               +--------+--------+--------+--------+--------+-----+--------+
         Total |   1896 |   1864 |     32 |    629 |    867 |   2 |  948.0 |
       Dungeon |   1896 |   1864 |     32 |    629 |    867 |   2 |  948.0 |
               +--------+--------+--------+--------+--------+-----+--------+

Top non-repeatable levels by time:
     D:1: 1666 daAuts
     D:2: 230 daAuts
